2681 views
Uploaded 2020-02-01 15:52:21
Game version 1.32 / 1.32.1
24:58 long 3on3 ladder game on (6)StranglethornVale
Saved by BEARAND
2681 views
Uploaded 2020-02-01 15:52:21
Game version 1.32 / 1.32.1
24:58 long 3on3 ladder game on (6)StranglethornVale


121 units @ 19.4k
/ 3.4k
62 buildings @ 8.9k
/ 3.5k


| Lesser Clarity Potion | 2 | 140 |
| Potion of Mana | 2 | 400 |
| Potion of Healing | 1 | 150 |
| total: | 5 | 690g |
| Peon | 13 | 975 | / | 0 |
| Grunt | 4 | 800 | / | 0 |
| Troll Headhunter | 2 | 280 | / | 40 |
| Raider | 4 | 720 | / | 160 |
| Wind Rider | 8 | 2120 | / | 320 |
| Spirit Walker | 2 | 390 | / | 70 |
| Tauren | 1 | 280 | / | 80 |
| Demolisher | 5 | 1100 | / | 250 |
| total: | 39 | 6665g | / | 920w |
| Altar of Storms | 1 | 180 | / | 50 |
| Orc Burrow | 9 | 1440 | / | 360 |
| Barracks | 1 | 180 | / | 50 |
| Voodoo Lounge | 1 | 130 | / | 30 |
| War Mill | 2 | 410 | / | 0 |
| Beastiary | 1 | 145 | / | 140 |
| Tauren Totem | 1 | 135 | / | 155 |
| Spirit Lodge | 1 | 150 | / | 150 |
| Stronghold | 1 | 315 | / | 190 |
| Fortress | 1 | 325 | / | 190 |
| total: | 17 | 2770g | / | 935w |
| 0:03 | Altar of Storms |
| 0:04 | Peon |
| 0:04 | Peon |
| 0:04 | Peon |
| 0:13 | Orc Burrow |
| 0:35 | Barracks |
| 0:45 | Peon |
| 0:54 | Peon |
| 1:11 | Peon |
| 1:24 | Orc Burrow |
| 1:37 | Grunt |
| 1:45 | Peon |
| 1:59 | Voodoo Lounge |
| 2:03 | Hex |
| 2:19 | Grunt |
| 2:39 | War Mill |
| 3:49 | Grunt |
| 3:51 | Stronghold |
| 3:53 | Orc Burrow |
| 4:06 | Steel Armor |
| 4:17 | Healing Wave |
| 4:26 | Grunt |
| 4:34 | Orc Burrow |
| 5:16 | Troll Headhunter |
| 5:16 | Troll Headhunter |
| 5:29 | Steel Melee Weapons |
| 5:30 | Steel Ranged Weapons |
| 6:15 | Berserker Strength |
| 6:18 | Beastiary |
| 6:21 | Tauren Totem |
| 7:06 | Fortress |
| 8:05 | Spirit Walker Adept Training |
| 8:08 | Spirit Lodge |
| 8:14 | Healing Wave |
| 8:40 | Lesser Clarity Potion |
| 8:50 | Raider |
| 8:50 | Wind Rider |
| 8:52 | Ensnare |
| 8:55 | Raider |
| 8:55 | Raider |
| 8:58 | Spirit Walker |
| 8:59 | Spirit Walker |
| 9:14 | Potion of Mana |
| 10:13 | Peon |
| 10:13 | Peon |
| 10:18 | Orc Burrow |
| 10:23 | Orc Burrow |
| 10:25 | Orc Burrow |
| 11:11 | Endurance Aura |
| 11:23 | Wind Rider |
| 11:25 | War Drums Damage Increase |
| 12:12 | Pulverize |
| 13:04 | Wind Rider |
| 13:06 | Wind Rider |
| 13:07 | Wind Rider |
| 13:07 | Wind Rider |
| 13:39 | Tauren |
| 14:17 | Orc Burrow |
| 14:24 | Demolisher |
| 14:25 | Demolisher |
| 14:43 | Witch Doctor Adept Training |
| 14:51 | Orc Burrow |
| 15:54 | Peon |
| 15:54 | Peon |
| 16:15 | Peon |
| 17:05 | War Mill |
| 17:28 | Peon |
| 17:33 | Pillage |
| 18:32 | Demolisher |
| 19:42 | Demolisher |
| 19:42 | Demolisher |
| 19:44 | Wind Rider |
| 19:45 | Raider |
| 19:47 | Wind Rider |
| 22:38 | Potion of Mana |
| 22:49 | Potion of Healing |
| 23:38 | Lesser Clarity Potion |
| Right click | 1684 |
| Select group | 476 |
| Select | 404 |
| Build/train/purchase | 76 |
| Use ability | 66 |
| Misc. action | 45 |
| Assign group | 30 |
| Minimap ping | 7 |
| Remove unit | 6 |
| Item give/drop | 4 |

| Potion of Mana | 1 | 200 |
| Scroll of Town Portal | 1 | 350 |
| total: | 2 | 550g |
| Peasant | 12 | 900 | / | 0 |
| Footman | 10 | 1350 | / | 0 |
| Rifleman | 5 | 1025 | / | 150 |
| Mortar Team | 10 | 1800 | / | 700 |
| Siege Engine | 5 | 975 | / | 300 |
| Dragonhawk Rider | 8 | 1600 | / | 240 |
| total: | 50 | 7650g | / | 1390w |
| Altar of Kings | 1 | 180 | / | 50 |
| Barracks | 1 | 160 | / | 60 |
| Farm | 15 | 1200 | / | 300 |
| Blacksmith | 1 | 140 | / | 60 |
| Lumber Mill | 1 | 120 | / | 0 |
| Arcane Vault | 1 | 130 | / | 30 |
| Workshop | 1 | 140 | / | 140 |
| Gryphon Aviary | 1 | 140 | / | 150 |
| Keep | 1 | 320 | / | 210 |
| Castle | 1 | 360 | / | 210 |
| total: | 22 | 2210g | / | 790w |
| 0:09 | Altar of Kings |
| 0:14 | Barracks |
| 0:17 | Farm |
| 0:18 | Peasant |
| 0:19 | Peasant |
| 0:19 | Peasant |
| 0:19 | Peasant |
| 0:24 | Peasant |
| 0:40 | Peasant |
| 1:03 | Farm |
| 1:06 | Peasant |
| 1:24 | Peasant |
| 1:26 | Footman |
| 1:33 | Peasant |
| 1:45 | Farm |
| 1:54 | Footman |
| 2:11 | Peasant |
| 2:15 | Footman |
| 2:15 | Footman |
| 2:15 | Footman |
| 2:15 | Footman |
| 2:19 | Banish |
| 2:43 | Footman |
| 2:43 | Footman |
| 3:19 | Blacksmith |
| 3:29 | Farm |
| 4:04 | Footman |
| 4:04 | Footman |
| 4:42 | Farm |
| 4:48 | Rifleman |
| 5:32 | Keep |
| 5:37 | Rifleman |
| 6:38 | Farm |
| 6:41 | Rifleman |
| 6:48 | Lumber Mill |
| 7:46 | Rifleman |
| 8:11 | Castle |
| 8:20 | Workshop |
| 8:24 | Rifleman |
| 8:27 | Long Rifles |
| 8:40 | Siphon Mana |
| 9:26 | Mortar Team |
| 9:28 | Mortar Team |
| 9:28 | Mortar Team |
| 9:34 | Farm |
| 10:22 | Flame Strike |
| 10:33 | Siege Engine |
| 10:34 | Siege Engine |
| 10:34 | Siege Engine |
| 10:37 | Barrage |
| 11:00 | Farm |
| 11:19 | Siege Engine |
| 11:42 | Farm |
| 11:44 | Siege Engine |
| 13:46 | Mortar Team |
| 13:46 | Mortar Team |
| 13:47 | Fragmentation Shards |
| 13:47 | Flare |
| 13:48 | Mortar Team |
| 13:48 | Mortar Team |
| 13:48 | Mortar Team |
| 13:53 | Farm |
| 14:34 | Gryphon Aviary |
| 14:44 | Farm |
| 15:48 | Mortar Team |
| 16:00 | Arcane Vault |
| 17:46 | Farm |
| 17:47 | Dragonhawk Rider |
| 17:48 | Dragonhawk Rider |
| 17:51 | Cloud |
| 18:39 | Dragonhawk Rider |
| 18:39 | Dragonhawk Rider |
| 18:41 | Mortar Team |
| 19:21 | Dragonhawk Rider |
| 19:26 | Farm |
| 19:37 | Potion of Mana |
| 20:32 | Scroll of Town Portal |
| 20:45 | Farm |
| 21:34 | Dragonhawk Rider |
| 21:34 | Dragonhawk Rider |
| 21:51 | Farm |
| 22:15 | Dragonhawk Rider |
| 22:45 | Peasant |
| 22:45 | Peasant |
| 22:46 | Backpack |
| Right click | 829 |
| Select | 350 |
| Build/train/purchase | 72 |
| Use ability | 25 |
| Remove unit | 5 |
| Misc. action | 2 |

| Lesser Clarity Potion | 1 | 70 |
| Healing Salve | 1 | 100 |
| total: | 2 | 170g |
| Wisp | 14 | 840 | / | 0 |
| Huntress | 4 | 780 | / | 80 |
| Glaive Thrower | 6 | 1260 | / | 390 |
| Druid of the Claw | 1 | 255 | / | 80 |
| Dryad | 2 | 290 | / | 120 |
| Mountain Giant | 1 | 350 | / | 100 |
| Chimaera | 4 | 1320 | / | 280 |
| total: | 32 | 5095g | / | 1050w |
| Ancient Protector | 3 | 405 | / | 240 |
| Altar of Elders | 1 | 180 | / | 50 |
| Moon Well | 10 | 1800 | / | 400 |
| Ancient of War | 2 | 300 | / | 120 |
| Hunter's Hall | 1 | 210 | / | 100 |
| Ancient of Wonders | 1 | 90 | / | 30 |
| Tree of Life | 1 | 340 | / | 185 |
| Ancient of Lore | 2 | 310 | / | 290 |
| Chimaera Roost | 2 | 280 | / | 380 |
| Tree of Ages | 1 | 320 | / | 180 |
| Tree of Eternity | 1 | 330 | / | 200 |
| total: | 23 | 3915g | / | 1795w |
| 0:02 | Wisp |
| 0:02 | Wisp |
| 0:08 | Altar of Elders |
| 0:12 | Wisp |
| 0:16 | Moon Well |
| 0:19 | Wisp |
| 0:37 | Ancient of War |
| 0:57 | Wisp |
| 0:59 | Wisp |
| 1:22 | Wisp |
| 1:49 | Hunter's Hall |
| 1:55 | Wisp |
| 1:57 | Wisp |
| 2:02 | Moon Well |
| 2:07 | Force of Nature |
| 2:27 | Wisp |
| 2:47 | Moon Well |
| 3:10 | Huntress |
| 3:10 | Huntress |
| 3:18 | Huntress |
| 3:57 | Moon Well |
| 3:58 | Huntress |
| 4:14 | Moon Well |
| 4:37 | Tree of Ages |
| 4:50 | Entangling Roots |
| 4:58 | Ancient of Wonders |
| 5:42 | Strength of the Wild |
| 5:43 | Moon Armor |
| 6:34 | Glaive Thrower |
| 6:34 | Glaive Thrower |
| 7:11 | Ancient of Lore |
| 7:16 | Ancient of Lore |
| 7:35 | Glaive Thrower |
| 7:35 | Glaive Thrower |
| 8:01 | Tree of Eternity |
| 8:35 | Abolish Magic |
| 8:36 | Druid of the Claw Adept Training |
| 8:36 | Druid of the Claw |
| 8:37 | Dryad |
| 9:21 | Dryad |
| 10:16 | Ancient Protector |
| 10:19 | Ancient Protector |
| 10:22 | Ancient Protector |
| 10:24 | Wisp |
| 10:24 | Wisp |
| 10:30 | Moon Well |
| 10:55 | Vorpal Blades |
| 11:00 | Improved Strength of the Wild |
| 11:00 | Improved Moon Armor |
| 11:04 | Strength of the Moon |
| 11:15 | Glaive Thrower |
| 11:17 | Glaive Thrower |
| 11:44 | Druid of the Claw Master Training |
| 15:42 | Chimaera Roost |
| 15:45 | Chimaera Roost |
| 15:48 | Wisp |
| 16:02 | Moon Well |
| 16:03 | Moon Well |
| 16:04 | Moon Well |
| 17:00 | Mountain Giant |
| 17:28 | Ancient of War |
| 17:41 | Moon Well |
| 17:50 | Corrosive Breath |
| 18:28 | Entangling Roots |
| 18:35 | Chimaera |
| 18:35 | Chimaera |
| 18:36 | Chimaera |
| 20:01 | Healing Salve |
| 20:17 | Chimaera |
| 21:51 | Tree of Life |
| 23:08 | Lesser Clarity Potion |
| 24:11 | Wisp |
| Right click | 1223 |
| Select group | 493 |
| Select | 331 |
| Misc. action | 81 |
| Build/train/purchase | 77 |
| Assign group | 46 |
| Use ability | 42 |
| Minimap ping | 27 |
| Chat | 22 |
| Remove unit | 3 |
75 units @ 6.5k
/ 0.2k
231 buildings @ 11.4k
/ 6.2k



x1)
| Scroll of Regeneration | 5 | 500 |
| Mechanical Critter | 2 | 100 |
| Staff of Sanctuary | 3 | 750 |
| Orb of Fire | 3 | 975 |
| Boots of Speed | 3 | 750 |
| Staff of Teleportation | 3 | 450 |
| Tome of Retraining | 1 | 300 |
| total: | 20 | 3825g |
| Peasant | 26 | 1950 | / | 0 |
| total: | 26 | 1950g | / | 0w |
| Scout Tower | 60 | 1800 | / | 1200 |
| Arcane Tower | 3 | 210 | / | 150 |
| Guard Tower | 33 | 2310 | / | 1650 |
| Altar of Kings | 1 | 180 | / | 50 |
| Lumber Mill | 1 | 120 | / | 0 |
| Farm | 3 | 240 | / | 60 |
| Town Hall | 3 | 1155 | / | 615 |
| Arcane Vault | 2 | 260 | / | 60 |
| Arcane Sanctum | 1 | 150 | / | 140 |
| Keep | 2 | 640 | / | 420 |
| Castle | 1 | 360 | / | 210 |
| total: | 71 | 3905g | / | 2125w |
| 0:01 | Peasant |
| 0:05 | Altar of Kings |
| 0:06 | Peasant |
| 0:19 | Lumber Mill |
| 0:20 | Peasant |
| 0:23 | Farm |
| 0:34 | Peasant |
| 0:42 | Farm |
| 0:54 | Peasant |
| 1:12 | Scout Tower |
| 1:16 | Peasant |
| 1:31 | Peasant |
| 1:34 | Scout Tower |
| 1:40 | Arcane Tower |
| 1:46 | Peasant |
| 1:47 | Peasant |
| 1:53 | Scout Tower |
| 2:01 | Improved Masonry |
| 2:04 | Peasant |
| 2:09 | Guard Tower |
| 2:18 | Summon Water Elemental |
| 2:24 | Peasant |
| 2:27 | Scout Tower |
| 2:30 | Guard Tower |
| 2:45 | Peasant |
| 2:57 | Guard Tower |
| 2:58 | Scout Tower |
| 2:59 | Scout Tower |
| 3:12 | Peasant |
| 3:13 | Peasant |
| 3:20 | Brilliance Aura |
| 4:02 | Town Hall |
| 4:16 | Guard Tower |
| 4:17 | Arcane Vault |
| 4:33 | Boots of Speed |
| 4:33 | Staff of Teleportation |
| 4:44 | Keep |
| 5:28 | Scroll of Regeneration |
| 5:31 | Scout Tower |
| 5:31 | Scout Tower |
| 5:34 | Scout Tower |
| 5:35 | Scout Tower |
| 5:45 | Scout Tower |
| 5:59 | Peasant |
| 5:59 | Peasant |
| 6:01 | Guard Tower |
| 6:07 | Mechanical Critter |
| 6:07 | Mechanical Critter |
| 6:15 | Scroll of Regeneration |
| 6:21 | Arcane Tower |
| 6:42 | Keep |
| 7:20 | Advanced Masonry |
| 7:32 | Guard Tower |
| 7:34 | Scout Tower |
| 7:35 | Scout Tower |
| 7:41 | Scout Tower |
| 7:42 | Scout Tower |
| 7:43 | Scout Tower |
| 7:47 | Castle |
| 7:49 | Improved Lumber Harvesting |
| 7:54 | Advanced Lumber Harvesting |
| 7:59 | Scroll of Regeneration |
| 8:03 | Guard Tower |
| 8:15 | Storm Bolt |
| 8:27 | Arcane Vault |
| 8:30 | Boots of Speed |
| 8:32 | Scroll of Regeneration |
| 8:35 | Boots of Speed |
| 8:35 | Staff of Teleportation |
| 8:47 | Arcane Tower |
| 8:47 | Guard Tower |
| 9:52 | Scout Tower |
| 9:53 | Scout Tower |
| 9:53 | Scout Tower |
| 9:54 | Scout Tower |
| 9:56 | Scout Tower |
| 10:00 | Tome of Retraining |
| 10:00 | Retrain Hero |
| 10:01 | Blizzard |
| 10:02 | Brilliance Aura |
| 10:08 | Farm |
| 10:14 | Scout Tower |
| 10:15 | Scout Tower |
| 10:19 | Scout Tower |
| 10:22 | Scout Tower |
| 10:24 | Scout Tower |
| 10:25 | Scout Tower |
| 10:26 | Scout Tower |
| 10:44 | Staff of Sanctuary |
| 10:49 | Staff of Sanctuary |
| 10:49 | Orb of Fire |
| 10:56 | Orb of Fire |
| 11:10 | Guard Tower |
| 11:10 | Guard Tower |
| 11:12 | Imbued Masonry |
| 11:15 | Arcane Sanctum |
| 11:17 | Guard Tower |
| 11:22 | Scout Tower |
| 11:23 | Scout Tower |
| 11:30 | Holy Light |
| 11:30 | Guard Tower |
| 11:42 | Guard Tower |
| 11:49 | Scout Tower |
| 11:50 | Scout Tower |
| 12:01 | Staff of Teleportation |
| 12:22 | Guard Tower |
| 12:23 | Scout Tower |
| 12:35 | Blizzard |
| 12:43 | Scout Tower |
| 12:43 | Scout Tower |
| 12:55 | Magic Sentry |
| 12:58 | Peasant |
| 12:58 | Peasant |
| 12:58 | Peasant |
| 13:24 | Town Hall |
| 13:29 | Guard Tower |
| 13:34 | Scout Tower |
| 13:35 | Guard Tower |
| 13:47 | Scout Tower |
| 13:52 | Scout Tower |
| 13:56 | Peasant |
| 13:56 | Peasant |
| 14:11 | Guard Tower |
| 14:15 | Scout Tower |
| 14:20 | Scout Tower |
| 14:21 | Guard Tower |
| 14:24 | Guard Tower |
| 14:26 | Scout Tower |
| 14:27 | Scout Tower |
| 14:48 | Guard Tower |
| 14:49 | Guard Tower |
| 15:32 | Peasant |
| 15:32 | Peasant |
| 15:32 | Peasant |
| 15:36 | Guard Tower |
| 15:37 | Scout Tower |
| 15:38 | Scout Tower |
| 15:52 | Scout Tower |
| 16:29 | Peasant |
| 16:30 | Peasant |
| 16:50 | Bash |
| 17:05 | Scout Tower |
| 17:05 | Scout Tower |
| 17:06 | Scout Tower |
| 17:06 | Scout Tower |
| 17:06 | Scout Tower |
| 17:07 | Scout Tower |
| 17:14 | Guard Tower |
| 17:16 | Guard Tower |
| 17:21 | Guard Tower |
| 17:56 | Scout Tower |
| 18:01 | Guard Tower |
| 18:26 | Divine Shield |
| 18:53 | Guard Tower |
| 18:55 | Scout Tower |
| 18:55 | Scout Tower |
| 18:56 | Scout Tower |
| 18:56 | Scout Tower |
| 19:35 | Guard Tower |
| 19:51 | Guard Tower |
| 20:13 | Scout Tower |
| 20:17 | Guard Tower |
| 20:18 | Scout Tower |
| 20:46 | Town Hall |
| 21:09 | Guard Tower |
| 21:10 | Scout Tower |
| 21:41 | Guard Tower |
| 22:17 | Guard Tower |
| 22:25 | Staff of Sanctuary |
| 22:25 | Orb of Fire |
| 22:30 | Scroll of Regeneration |
| 23:27 | Brilliance Aura |
| 23:35 | Scout Tower |
| 23:50 | Holy Light |
| 24:45 | Storm Bolt |
| Right click | 1501 |
| Select group | 985 |
| Select | 376 |
| Assign group | 351 |
| Build/train/purchase | 161 |
| Use ability | 99 |
| Item give/drop | 10 |
| Misc. action | 8 |
| Resource trade | 4 |
| Remove unit | 1 |



| Scroll of Regeneration | 3 | 300 |
| Staff of Sanctuary | 3 | 750 |
| Orb of Fire | 2 | 650 |
| Staff of Teleportation | 3 | 450 |
| Boots of Speed | 3 | 750 |
| total: | 14 | 2900g |
| Peasant | 26 | 1950 | / | 0 |
| Goblin Shredder | 1 | 375 | / | 100 |
| total: | 27 | 2325g | / | 100w |
| Scout Tower | 96 | 2880 | / | 1920 |
| Guard Tower | 56 | 3920 | / | 2800 |
| Altar of Kings | 1 | 180 | / | 50 |
| Farm | 4 | 320 | / | 80 |
| Lumber Mill | 1 | 120 | / | 0 |
| Arcane Vault | 1 | 130 | / | 30 |
| Town Hall | 2 | 770 | / | 410 |
| Keep | 1 | 320 | / | 210 |
| Castle | 1 | 360 | / | 210 |
| total: | 105 | 4400g | / | 2490w |
| 0:01 | Peasant |
| 0:05 | Altar of Kings |
| 0:14 | Peasant |
| 0:17 | Farm |
| 0:23 | Peasant |
| 0:45 | Peasant |
| 0:50 | Lumber Mill |
| 0:52 | Peasant |
| 1:05 | Peasant |
| 1:13 | Scout Tower |
| 1:16 | Scout Tower |
| 1:29 | Peasant |
| 1:34 | Farm |
| 1:44 | Peasant |
| 1:57 | Guard Tower |
| 1:59 | Scout Tower |
| 2:01 | Scout Tower |
| 2:08 | Blizzard |
| 2:12 | Peasant |
| 2:14 | Improved Masonry |
| 2:25 | Peasant |
| 2:58 | Guard Tower |
| 2:59 | Arcane Vault |
| 3:15 | Peasant |
| 3:28 | Peasant |
| 3:31 | Scout Tower |
| 3:32 | Scout Tower |
| 3:32 | Scout Tower |
| 3:45 | Peasant |
| 3:47 | Farm |
| 3:51 | Scout Tower |
| 3:52 | Scout Tower |
| 3:53 | Scout Tower |
| 3:53 | Scout Tower |
| 3:54 | Scout Tower |
| 3:55 | Scout Tower |
| 3:58 | Scout Tower |
| 3:58 | Scout Tower |
| 4:01 | Scroll of Regeneration |
| 4:06 | Peasant |
| 4:15 | Guard Tower |
| 4:19 | Peasant |
| 4:46 | Brilliance Aura |
| 4:50 | Guard Tower |
| 4:59 | Town Hall |
| 5:05 | Peasant |
| 5:13 | Peasant |
| 5:19 | Guard Tower |
| 5:25 | Peasant |
| 5:37 | Guard Tower |
| 5:46 | Guard Tower |
| 6:00 | Guard Tower |
| 6:25 | Guard Tower |
| 6:29 | Scout Tower |
| 6:30 | Scout Tower |
| 6:31 | Scout Tower |
| 6:34 | Peasant |
| 6:35 | Peasant |
| 6:41 | Guard Tower |
| 6:43 | Peasant |
| 6:47 | Peasant |
| 6:48 | Peasant |
| 7:02 | Guard Tower |
| 7:13 | Scout Tower |
| 7:16 | Peasant |
| 7:23 | Peasant |
| 7:23 | Peasant |
| 7:28 | Keep |
| 7:35 | Goblin Shredder |
| 7:42 | Scout Tower |
| 7:43 | Scout Tower |
| 7:49 | Guard Tower |
| 7:52 | Guard Tower |
| 8:04 | Scout Tower |
| 8:05 | Scout Tower |
| 8:09 | Staff of Teleportation |
| 8:10 | Boots of Speed |
| 8:16 | Guard Tower |
| 8:19 | Scout Tower |
| 8:44 | Guard Tower |
| 8:48 | Scout Tower |
| 8:55 | Guard Tower |
| 9:01 | Scout Tower |
| 9:01 | Scout Tower |
| 9:08 | Guard Tower |
| 9:16 | Scout Tower |
| 9:16 | Scout Tower |
| 9:18 | Guard Tower |
| 9:29 | Guard Tower |
| 9:29 | Guard Tower |
| 9:38 | Scout Tower |
| 9:44 | Scout Tower |
| 9:45 | Scout Tower |
| 9:46 | Scout Tower |
| 9:47 | Scout Tower |
| 9:57 | Castle |
| 9:59 | Advanced Masonry |
| 9:59 | Improved Lumber Harvesting |
| 10:03 | Guard Tower |
| 10:05 | Scout Tower |
| 10:06 | Scout Tower |
| 10:07 | Scout Tower |
| 10:07 | Scout Tower |
| 10:15 | Scout Tower |
| 10:17 | Scout Tower |
| 10:19 | Guard Tower |
| 10:20 | Guard Tower |
| 10:41 | Guard Tower |
| 10:44 | Guard Tower |
| 10:44 | Guard Tower |
| 10:51 | Scout Tower |
| 11:06 | Guard Tower |
| 11:07 | Storm Bolt |
| 11:16 | Guard Tower |
| 11:21 | Scout Tower |
| 11:26 | Scroll of Regeneration |
| 12:04 | Guard Tower |
| 12:06 | Scout Tower |
| 12:11 | Scroll of Regeneration |
| 12:24 | Scout Tower |
| 12:25 | Scout Tower |
| 12:25 | Scout Tower |
| 12:25 | Scout Tower |
| 12:25 | Scout Tower |
| 12:26 | Scout Tower |
| 12:26 | Scout Tower |
| 12:27 | Scout Tower |
| 12:27 | Scout Tower |
| 12:28 | Scout Tower |
| 12:28 | Scout Tower |
| 12:35 | Blizzard |
| 12:40 | Scout Tower |
| 12:41 | Scout Tower |
| 12:41 | Scout Tower |
| 12:42 | Scout Tower |
| 12:56 | Farm |
| 12:57 | Guard Tower |
| 13:00 | Guard Tower |
| 13:02 | Scout Tower |
| 13:03 | Scout Tower |
| 13:03 | Scout Tower |
| 13:04 | Scout Tower |
| 13:04 | Scout Tower |
| 13:05 | Scout Tower |
| 13:05 | Scout Tower |
| 13:06 | Scout Tower |
| 13:26 | Guard Tower |
| 13:28 | Scout Tower |
| 13:28 | Scout Tower |
| 13:29 | Scout Tower |
| 13:29 | Scout Tower |
| 13:31 | Scout Tower |
| 13:32 | Scout Tower |
| 13:33 | Scout Tower |
| 13:39 | Imbued Masonry |
| 13:39 | Advanced Lumber Harvesting |
| 13:44 | Scout Tower |
| 13:45 | Scout Tower |
| 13:47 | Scout Tower |
| 13:49 | Guard Tower |
| 13:58 | Town Hall |
| 14:07 | Guard Tower |
| 14:08 | Guard Tower |
| 14:23 | Staff of Sanctuary |
| 14:23 | Orb of Fire |
| 14:27 | Holy Light |
| 14:28 | Guard Tower |
| 14:41 | Guard Tower |
| 14:56 | Guard Tower |
| 15:27 | Guard Tower |
| 15:35 | Guard Tower |
| 15:38 | Guard Tower |
| 15:41 | Staff of Teleportation |
| 15:42 | Boots of Speed |
| 15:52 | Staff of Sanctuary |
| 16:03 | Staff of Sanctuary |
| 16:15 | Orb of Fire |
| 16:58 | Scout Tower |
| 16:58 | Scout Tower |
| 16:59 | Scout Tower |
| 16:59 | Scout Tower |
| 17:00 | Scout Tower |
| 17:00 | Scout Tower |
| 17:22 | Boots of Speed |
| 17:32 | Guard Tower |
| 17:44 | Staff of Teleportation |
| 19:08 | Scout Tower |
| 19:09 | Scout Tower |
| 19:12 | Guard Tower |
| 19:15 | Guard Tower |
| 19:20 | Scout Tower |
| 19:30 | Scout Tower |
| 19:31 | Scout Tower |
| 20:14 | Guard Tower |
| 20:22 | Guard Tower |
| 20:23 | Guard Tower |
| 20:36 | Guard Tower |
| 21:10 | Scout Tower |
| 21:11 | Scout Tower |
| 21:12 | Scout Tower |
| 21:47 | Guard Tower |
| 22:34 | Guard Tower |
| 22:41 | Scout Tower |
| 23:15 | Guard Tower |
| 23:18 | Scout Tower |
| 23:19 | Scout Tower |
| 23:20 | Scout Tower |
| 23:21 | Scout Tower |
| 23:22 | Scout Tower |
| 23:46 | Guard Tower |
| 24:20 | Divine Shield |
| 24:24 | Bash |
| 24:54 | Brilliance Aura |
| Right click | 1526 |
| Select | 914 |
| Select group | 328 |
| Build/train/purchase | 152 |
| Assign group | 105 |
| Use ability | 69 |
| Misc. action | 7 |
| Minimap ping | 5 |
| Resource trade | 5 |
| Remove unit | 1 |
| Esc | 1 |
BEARAND
(24:57) : 


| Scroll of Regeneration | 1 | 100 |
| Staff of Sanctuary | 3 | 750 |
| Orb of Fire | 2 | 650 |
| Boots of Speed | 3 | 750 |
| Staff of Teleportation | 3 | 450 |
| Potion of Lesser Invulnerability | 1 | 150 |
| Periapt of Vitality | 2 | 650 |
| Circlet of Nobility | 1 | 175 |
| total: | 16 | 3675g |
| Peasant | 17 | 1275 | / | 0 |
| Priest | 1 | 135 | / | 10 |
| Dragonhawk Rider | 4 | 800 | / | 120 |
| total: | 22 | 2210g | / | 130w |
| Scout Tower | 42 | 1260 | / | 840 |
| Arcane Tower | 4 | 280 | / | 200 |
| Guard Tower | 28 | 1960 | / | 1400 |
| Altar of Kings | 1 | 180 | / | 50 |
| Farm | 5 | 400 | / | 100 |
| Lumber Mill | 1 | 120 | / | 0 |
| Town Hall | 1 | 385 | / | 205 |
| Arcane Vault | 1 | 130 | / | 30 |
| Blacksmith | 1 | 140 | / | 60 |
| Barracks | 1 | 160 | / | 60 |
| Arcane Sanctum | 1 | 150 | / | 140 |
| Gryphon Aviary | 1 | 140 | / | 150 |
| Keep | 1 | 320 | / | 210 |
| Castle | 1 | 360 | / | 210 |
| total: | 55 | 3065g | / | 1635w |
| 0:02 | Peasant |
| 0:02 | Peasant |
| 0:09 | Altar of Kings |
| 0:14 | Peasant |
| 0:18 | Farm |
| 0:37 | Peasant |
| 0:40 | Peasant |
| 0:45 | Farm |
| 0:48 | Peasant |
| 1:00 | Scout Tower |
| 1:06 | Lumber Mill |
| 1:10 | Scout Tower |
| 1:14 | Scout Tower |
| 1:23 | Peasant |
| 1:24 | Peasant |
| 1:28 | Peasant |
| 1:32 | Scout Tower |
| 1:52 | Scout Tower |
| 1:56 | Scout Tower |
| 1:59 | Arcane Tower |
| 2:00 | Peasant |
| 2:02 | Peasant |
| 2:11 | Blizzard |
| 2:19 | Guard Tower |
| 2:22 | Scout Tower |
| 2:23 | Scout Tower |
| 2:24 | Scout Tower |
| 2:26 | Peasant |
| 2:26 | Peasant |
| 2:38 | Guard Tower |
| 2:41 | Scout Tower |
| 2:42 | Scout Tower |
| 3:07 | Guard Tower |
| 3:19 | Guard Tower |
| 3:20 | Guard Tower |
| 3:21 | Scout Tower |
| 3:24 | Scout Tower |
| 3:48 | Peasant |
| 3:50 | Guard Tower |
| 3:52 | Scout Tower |
| 3:55 | Scout Tower |
| 3:56 | Guard Tower |
| 3:57 | Scout Tower |
| 4:21 | Keep |
| 4:35 | Farm |
| 4:36 | Farm |
| 5:22 | Brilliance Aura |
| 5:24 | Town Hall |
| 5:35 | Guard Tower |
| 5:36 | Guard Tower |
| 5:37 | Scout Tower |
| 5:39 | Scout Tower |
| 5:41 | Improved Masonry |
| 6:07 | Boots of Speed |
| 6:17 | Guard Tower |
| 6:19 | Scout Tower |
| 6:34 | Staff of Teleportation |
| 7:28 | Arcane Vault |
| 7:34 | Peasant |
| 7:45 | Arcane Sanctum |
| 7:53 | Scout Tower |
| 7:54 | Scout Tower |
| 8:05 | Improved Lumber Harvesting |
| 8:14 | Boots of Speed |
| 8:19 | Storm Bolt |
| 8:24 | Arcane Tower |
| 8:24 | Guard Tower |
| 8:39 | Scout Tower |
| 8:40 | Guard Tower |
| 8:47 | Peasant |
| 8:50 | Peasant |
| 9:09 | Castle |
| 9:23 | Magic Sentry |
| 9:31 | Advanced Masonry |
| 10:16 | Gryphon Aviary |
| 10:18 | Priest |
| 10:23 | Arcane Tower |
| 10:23 | Arcane Tower |
| 10:28 | Scout Tower |
| 10:28 | Scout Tower |
| 10:30 | Scout Tower |
| 10:30 | Scout Tower |
| 10:31 | Scout Tower |
| 10:34 | Scroll of Regeneration |
| 10:56 | Potion of Lesser Invulnerability |
| 10:56 | Boots of Speed |
| 10:58 | Staff of Teleportation |
| 11:39 | Dragonhawk Rider |
| 11:40 | Dragonhawk Rider |
| 11:41 | Imbued Masonry |
| 11:41 | Advanced Lumber Harvesting |
| 11:50 | Guard Tower |
| 11:50 | Guard Tower |
| 12:24 | Staff of Sanctuary |
| 12:27 | Orb of Fire |
| 12:40 | Holy Light |
| 12:56 | Guard Tower |
| 12:57 | Guard Tower |
| 12:59 | Scout Tower |
| 13:00 | Scout Tower |
| 13:00 | Scout Tower |
| 13:01 | Scout Tower |
| 13:02 | Scout Tower |
| 13:02 | Scout Tower |
| 13:02 | Scout Tower |
| 13:55 | Guard Tower |
| 14:00 | Blacksmith |
| 14:00 | Barracks |
| 14:02 | Dragonhawk Rider |
| 14:04 | Dragonhawk Rider |
| 14:05 | Farm |
| 14:08 | Scout Tower |
| 14:08 | Scout Tower |
| 14:26 | Staff of Sanctuary |
| 14:45 | Guard Tower |
| 14:52 | Staff of Teleportation |
| 14:52 | Periapt of Vitality |
| 14:52 | Circlet of Nobility |
| 16:19 | Guard Tower |
| 17:22 | Staff of Sanctuary |
| 17:22 | Orb of Fire |
| 17:30 | Periapt of Vitality |
| 18:50 | Blizzard |
| 18:54 | Bash |
| 20:28 | Divine Shield |
| 21:06 | Storm Hammers |
| 21:07 | Cloud |
| 21:08 | Iron Forged Swords |
| 21:08 | Studded Leather Armor |
| 21:09 | Animal War Training |
| 21:12 | Scout Tower |
| 21:12 | Scout Tower |
| 21:13 | Scout Tower |
| 21:13 | Scout Tower |
| 21:14 | Scout Tower |
| 21:14 | Scout Tower |
| 23:41 | Guard Tower |
| 23:42 | Guard Tower |
| 24:50 | Storm Bolt |
| Right click | 2530 |
| Select | 735 |
| Select group | 407 |
| Build/train/purchase | 170 |
| Use ability | 108 |
| Chat | 45 |
| Assign group | 17 |
| Misc. action | 14 |
| Minimap ping | 9 |
| Item give/drop | 6 |
| Resource trade | 5 |
| Remove unit | 2 |